 Dungeon Crawl Stone Soup version 0.27-a0-1202-ge72e49191c (console) character file.

Game seed: 9314088445502707458

102 jejorda2 the Slasher (level 4, -4/37 HPs)
             Began as a Merfolk Berserker on June 2, 2021.
             Was a Believer of Trog.
             Slain by a gnoll
             ... wielding a +0 halberd
              (9 damage)
             ... on level 3 of the Dungeon.
             The game lasted 00:02:59 (2759 turns).

jejorda2 the Slasher (Merfolk Berserker)            Turns: 2759, Time: 00:03:01

Health: -4/37      AC:  3    Str: 18    XL:     4   Next: 77%
Magic:  4/4        EV: 12    Int:  6    God:    Trog [**....]
Gold:   28         SH:  0    Dex: 13    Spells: 3/3 levels left

rFire    . . .     SeeInvis .   a - +0 falchion
rCold    . . .     Faith    .   (no shield)
rNeg     . . .     Spirit   .   h - +0 leather armour
rPois    .         Reflect  .   (no helmet)
rElec    .         Harm     .   (no cloak)
rCorr    .         Rampage  .   (no gloves)
Will     .....                  (no boots)
Stlth    +.........             (no amulet)
HPRegen  0.12/turn              (no ring)
MPRegen  0.09/turn              (no ring)

@: on berserk cooldown, slowed, very slow
A: (nimble swimmer 2), mertail
a: Renounce Religion, Berserk, Trog's Hand


You were on level 3 of the Dungeon.
You worshipped Trog.
Trog was pleased with you.
You visited 1 branch of the dungeon, and saw 3 of its levels.

You collected 28 gold pieces.

Inventory:

Hand Weapons
 a - a +0 falchion (weapon)
Armour
 h - a +0 leather armour (worn)
Scrolls
 c - 2 scrolls of vulnerability {unknown}
 e - a scroll of summoning {unknown}
 f - 2 scrolls of identify {unknown}
Potions
 d - 2 potions of magic {unknown}
 g - a potion of haste {unknown}


   Skills:
 + Level 4.0 Fighting
 * Level 4.7 Long Blades
 + Level 2.1 Armour
 - Level 2.6 Dodging


You had 3 spell levels left.
You didn't know any spells.
Your spell library was empty.

Dungeon Overview and Level Annotations

Branches:
Dungeon (3/15)

Altars:
Xom


Innate Abilities, Weirdness & Mutations

((You are quick and stealthy near water. (Stealth+, EV+, Speed+++)))
Your lower body shifts to a powerful aquatic tail in water.


Message History

The gnoll shouts!
The gnoll shouts!
A kobold comes into view. It is wielding a +0 club.
The gnoll hits you but does no damage.
A red film seems to cover your vision as you go berserk!
You feel yourself moving faster!
You feel mighty!
The kobold shouts!
The gnoll barely misses you.
You closely miss the gnoll. The gnoll barely misses you.
You riposte.
You slash the gnoll!
You kill the gnoll!
Trog accepts your kill.
The kobold throws a stone.
The stone hits you but does no damage.
Items here: ) †.
You feel a strong urge to attack something.
The kobold throws a stone.
The stone hits you but does no damage.
You slash the kobold!
You kill the kobold!
Trog accepts your kill.
You are no longer berserk.
You are exhausted.
You feel yourself slow down. The gnoll misses you. The gnoll misses you.
Items here: ) †.
You slash the gnoll!
The gnoll is heavily wounded.
The gnoll hits you with a +0 halberd. The gnoll hits you with a +0 halberd!
* * * LOW HITPOINT WARNING * * *
You hit the gnoll but do no damage.
The gnoll is heavily wounded.
The gnoll hits you with a +0 halberd.
* * * LOW HITPOINT WARNING * * *
You barely miss the gnoll.
The gnoll is heavily wounded.
The gnoll closely misses you.
You riposte.
Your leather armour prevents you from hitting the gnoll.
The gnoll is heavily wounded.
The gnoll hits you with a +0 halberd!
You die...

...<.#...#.## .......#....#
######......# .# #..##..# .#
#..##.># .# #..##..# .#
######..##..# ##.#####
............#########.......
.............)..@g.....#
........###.#######.#.##
...#.#..# #.# #.#)#
##..###.###.#######.#.# #.#
##..........#.#.# ##
#.#.#######.#g#)# #.##.#
#.#.....!.. #.# #.#
#.#.####.## #. #.# #.#.#


You could see a gnoll.

Vanquished Creatures
  3 gnolls (D:3)
  An adder (D:2)
  4 dart slugs (D:1)
  3 bats
  5 endoplasms (D:1)
  7 giant cockroaches
  4 hobgoblins (D:2)
  7 kobolds
  4 quokkas
  3 ball pythons
  6 frilled lizards
  3 goblins
  4 rats
54 creatures vanquished.

Notes
Turn   | Place    | Note
-------+----------+-------------------------------------------
     0 | D:1      | jejorda2 the Merfolk Berserker began the quest for the Orb.
     0 | D:1      | Reached XP level 1. HP: 18/18 MP: 1/1
   178 | D:1      | Reached XP level 2. HP: 21/24 MP: 2/2
   340 | D:1      | Found a faded altar of an unknown god.
   705 | D:1      | Reached XP level 3. HP: 14/29 MP: 3/3
  1781 | D:2      | Reached ** piety under Trog
  1941 | D:2      | Reached XP level 4. HP: 37/37 MP: 4/4
  2303 | D:2      | Found a shimmering altar of Xom.
  2759 | D:3      | Slain by a gnoll

Illustrated notes

Levels and vault maps discovered:
D:1:      dpeg_arrival_prison, layout_rooms,
          chequers_ecumenical_altar_simple_redux
D:2:      wander_river, layout_basic, basic_altar, patterned_corridor
D:3:      layout_loops_ring, nicolae_overflow_crystal_walls,
          gammafunk_temple_overflow_arena, uniq_robin

Skill      XL: |  1  2  3  4 |
---------------+-------------+-----
Long Blades    | 4 |  4.7
Armour         | 2 |  2.1
Fighting       | 4 |  4.0
Dodging        | |  2.6

Action                   |  1- 3 |  4- 6 || total
-------------------------+-------+-------++-------
Melee: Falchion          |   108 |    19 ||   127
       Tailslap          |     1 |       ||     1
Invok: Berserk           |       |     1 ||     1
 Stab: Sleeping          |     2 |       ||     2
Armor: Animal skin       |    14 |       ||    14
       Leather armour    |     4 |     5 ||     9
Dodge: Dodged            |    52 |    16 ||    68
       Rpst.: Falchion   |    21 |     9 ||    30

Table legend: (Time is in decaauts)
 A = Elapsed time spent in this place.
 B = Non-inter-level travel time spent in this place.
 C = Inter-level travel time spent in this place.
 D = Time resting spent in this place.
 E = Time spent auto-exploring this place.
 F = Levels seen in this place.
 G = Mean time per level.
                   A        B        C        D        E       F      G
               +--------+--------+--------+--------+--------+-----+--------+
         Total |   2750 |   2619 |    131 |      0 |   2278 |   3 |  916.7 |
       Dungeon |   2750 |   2619 |    131 |      0 |   2278 |   3 |  916.7 |
               +--------+--------+--------+--------+--------+-----+--------+

Top non-repeatable levels by time:
     D:1: 1434 daAuts
     D:2: 1163 daAuts
     D:3: 152 daAuts
